 Dungeon Crawl Stone Soup version 0.20.1-1-g8b1a95d (webtiles) character file.

11273 Norian the Thaumaturge (level 11, -15/94 HPs)
             Began as a Deep Elf Conjurer on Oct 18, 2017.
             Was a Priest of Sif Muna.
             Killed from afar by Harold (30 damage)
             ... with a wand of lightning (?/15)
             ... on level 1 of the Lair of Beasts.
             The game lasted 00:39:10 (10973 turns).

Norian the Thaumaturge (Deep Elf Conjurer)         Turns: 10973, Time: 00:39:11

Health: -15/94     AC: 25    Str:  9    XL:     11   Next: 47%
Magic:  15/37      EV:  2    Int: 22    God:    Sif Muna [***...]
Gold:   540        SH:  0    Dex: 17    Spells: 16/32 levels left

rFire    . . .     SeeInvis +   t - +1 short sword (speed)
rCold    . . .     Gourm    .   (no shield)
rNeg     + + +     Faith    .   (armour currently unavailable)
rPois    +         Spirit   .   (helmet currently unavailable)
rElec    .         Reflect  .   (cloak currently unavailable)
rCorr    .         Harm     .   (gloves currently unavailable)
MR       +....     NoTele   +   (boots currently unavailable)
Stlth    ++........             (no amulet)
Regen    0.3/turn               d - ring of see invisible
MPRegen  0.3/turn               s - ring of magical power

@: tree-form (expiring), held, divine energy
A: agile 1, blurry vision 1, strong 1
a: Stop Divine Energy, Channel Magic, Renounce Religion


You were on level 1 of the Lair of Beasts.
You worshipped Sif Muna.
Sif Muna was most pleased with you.
You were not hungry.
You were a tree.
You visited 3 branches of the dungeon, and saw 12 of its levels.
You also visited: Sewer.

You collected 540 gold pieces.

Inventory:

Hand Weapons
 t - a +1 short sword of speed (weapon)
Armour
 o - a +2 pair of gloves (melded)
 v - a +2 robe of fire resistance (melded)
 D - a +0 helmet (melded)
Jewellery
 d - a ring of see invisible (left branch)
 s - a ring of magical power (right branch)
 K - an uncursed ring of wizardry
Wands
 h - a wand of polymorph (3/24)
 m - a wand of digging (4/24)
 u - a wand of lightning (3/15)
 E - a wand of iceblast (10/15)
 G - a wand of iceblast (4/15)
Scrolls
 a - a scroll of remove curse
 g - 6 scrolls of teleportation
 i - 8 scrolls of identify
 y - a scroll of enchant armour
 C - a scroll of fear
 F - a scroll of magic mapping
 I - a scroll of recharging {unknown}
 L - a scroll of blinking
Potions
 e - a potion of degeneration {unknown}
 f - 2 potions of lignification
 l - 4 potions of mutation
 p - 5 potions of flight
 r - a potion of ambrosia {unknown}
 w - 2 potions of brilliance {unknown}
 x - 2 potions of agility {unknown}
 z - 5 potions of heal wounds {unknown}
 A - a potion of curing
 B - 2 potions of invisibility {unknown}
 J - 2 potions of haste {unknown}
Books
 b - a book of Conjurations

   Spells                             Type                      Level
   a - Magic Dart                     Conjuration                  1
   b - Searing Ray                    Conjuration                  2
   c - Dazzling Spray                 Conjuration/Hexes            3
   d - Fulminant Prism                Conjuration/Hexes            4
   e - Force Lance                    Conjuration/Translocation    4
   f - Iskenderun's Mystic Blast      Conjuration                  4
 q - a book of Flames

   Spells                             Type                      Level
   a - Flame Tongue                   Conjuration/Fire             1
   b - Throw Flame                    Conjuration/Fire             2
   c - Conjure Flame                  Conjuration/Fire             3
   d - Inner Flame                    Hexes/Fire                   3
   e - Sticky Flame                   Conjuration/Fire             4
   f - Fireball                       Conjuration/Fire             5
 H - a book of Cantrips

   Spells                             Type                      Level
   a - Confusing Touch                Hexes                        1
   b - Animate Skeleton               Necromancy                   1
   c - Summon Small Mammal            Summoning                    1
   d - Apportation                    Translocation                1
Miscellaneous
 M - a lightning rod (1/4)
Comestibles
 c - 8 bread rations
 j - 5 royal jellies
 n - a meat ration
 N - 3 fruits


   Skills:
 - Level 5.0 Fighting
 - Level 5.3 Armour
 - Level 5.5 Dodging
 - Level 2.4 Stealth
 + Level 11.0 Spellcasting
 - Level 10.1 Conjurations
 - Level 4.0 Hexes
 + Level 7.0 Fire Magic
 - Level 6.0 Invocations
 - Level 4.2 Evocations


You had 16 spell levels left.
You knew the following spells:

 Your Spells              Type           Power        Failure   Level  Hunger
a - Magic Dart            Conj           ####         1%          1    None
b - Searing Ray           Conj           ######       1%          2    None
c - Iskenderun's Mystic   Conj           ######..     1%          4    #......
d - Fulminant Prism       Conj/Hex       #####.....   3%          4    #......
f - Fireball              Conj/Fire      ######....   4%          5    ####...


Dungeon Overview and Level Annotations

Branches:
Dungeon (10/15)            Temple (1/1) D:6            Lair (1/6) D:9
    Orc (0/2) D:10

Altars:
Ashenzari
Cheibriados
Dithmenos
Elyvilon
Fedhas
Gozag
Hepliaklqana
Kikubaaqudgha
Makhleb
Nemelex Xobeh
Okawaru
Qazlal
Ru
Sif Muna
Trog
Uskayaw
Vehumet
Xom
Yredelemnul
Zin
The Shining One

Shops:
D:7 }   D:9 }

Annotations:
Lair:1 Harold


Innate Abilities, Weirdness & Mutations

You are agile. (Dex +2)
Scrolls take you a little longer to read.
Your muscles are strong. (Str +2)


Message History

Aiming: Searing Ray
Press: ? - help, Shift-Dir - straight line, f - Harold
Aim: Harold, wielding a long sword and wearing a ring mail The searing ray hits Harold.
Harold is lightly wounded. (Press . to maintain the ray.)
Your fulminant prism crackles loudly.
The searing ray hits Harold.
Harold is lightly wounded.
Harold zaps a wand.
The bolt of lightning hits you!
* * * LOW HITPOINT WARNING * * *
It is a wand of lightning (?/15).
Your fulminant prism explodes!
The blast of energy engulfs Harold.
Harold is moderately wounded.
You hear an angry buzzing noise. x4
The searing ray hits Harold.
Harold is heavily wounded.
Harold zaps a wand.
The bolt of lightning hits you!
You die...

....#....................
#...................###
#...<......[[.......#
#...................##
#....................#
................@....##
##....................#
#................†..##
#..............♣....#
..............†.....#
..................#
..........†.......#
.....$......##
..............
...............
...###......#.P


You could see Harold.

Vanquished Creatures
  Erolcha (D:10)
  2 two-headed ogres
  A gargoyle (D:9)
  A troll (D:10)
  3 hippogriffs
  A spriggan (D:8)
  Sigmund (D:3)
  The ghost of mfyou the Covered, an amateur MiFi (D:6)
  14 yaks
  4 hungry ghosts (D:10)
  A steam dragon (D:9)
  Menkaure (D:5)
  2 water moccasins
  3 orc warriors
  A porcupine (Lair:1)
  4 ice beasts
  2 black bears (D:10)
  A sky beast (D:7)
  2 necrophages
  A phantom (D:5)
  3 ogres
  A crocodile (Lair:1)
  4 centaurs
  5 bullfrogs
  2 big kobolds
  A water moccasin zombie (D:6)
  4 scorpions
  4 killer bees (D:10)
  9 wights
  3 howler monkeys
  A crimson imp (D:5)
  3 hounds
  4 jellies
  2 orc priests
  A centaur skeleton (D:9)
  Jessica (D:2)
  5 iguanas
  15 orc wizards
  7 worker ants
  5 ogre zombies (D:10)
  Robin (D:2)
  3 hound skeletons
  A worker ant zombie (D:8)
  9 adders
  A river rat (D:6)
  2 shadow imps
  2 adder skeletons
  2 worms
  A dart slug (D:1)
  9 leopard geckos
  28 orcs
  7 giant cockroaches
  13 goblins
  6 hobgoblins
  11 jackals
  15 kobolds
  7 quokkas
  A ball python (D:5)
  21 bats
  5 frilled lizards
  A goblin skeleton (D:10)
  2 goblin zombies (D:10)
  2 orc skeletons (D:10)
  14 orc zombies (D:10)
  11 rats
  A fulminant prism (D:9)
303 creatures vanquished.

Vanquished Creatures (others)
  44 fulminant prisms
44 creatures vanquished.

Grand Total: 347 creatures vanquished

Notes
Turn   | Place    | Note
-------+----------+-------------------------------------------
     0 | D:1      | Norian the Deep Elf Conjurer began the quest for the Orb.
     0 | D:1      | Reached XP level 1. HP: 10/10 MP: 6/6
   110 | D:1      | Reached XP level 2. HP: 15/15 MP: 0/8
   116 | D:1      | Learned a level 2 spell: Searing Ray
   761 | D:1      | Reached skill level 5 in Conjurations
   836 | D:1      | Reached skill level 4 in Spellcasting
   836 | D:1      | Reached XP level 3. HP: 19/19 MP: 6/10
  1196 | D:2      | Reached XP level 4. HP: 10/24 MP: 0/12
  1541 | D:2      | Noticed Robin
  1595 | D:2      | Killed Robin
  1691 | D:2      | Noticed Jessica
  1693 | D:2      | Killed Jessica
  1693 | D:2      | Reached skill level 5 in Spellcasting
  1725 | D:2      | Learned a level 4 spell: Iskenderun's Mystic Blast
  1730 | D:2      | Learned a level 4 spell: Fulminant Prism
  2000 | D:3      | Reached XP level 5. HP: 28/28 MP: 6/14
  2149 | D:3      | Reached skill level 1 in Hexes
  2337 | D:3      | Noticed Sigmund
  2363 | D:3      | Gained mutation: Scrolls take you a little longer to read. [potion of mutation]
  2363 | D:3      | Gained mutation: You are agile. (Dex +2) [potion of mutation]
  2363 | D:3      | Gained mutation: Your muscles are strong. (Str +2) [potion of mutation]
  2562 | D:3      | Killed Sigmund
  2562 | D:3      | Reached skill level 6 in Spellcasting
  2562 | D:3      | Reached XP level 6. HP: 15/32 MP: 0/17
  3166 | D:4      | Reached XP level 7. HP: 36/36 MP: 11/19
  3670 | D:4      | Reached skill level 7 in Spellcasting
  3711 | D:5      | Entered Level 5 of the Dungeon
  3840 | D:5      | Reached skill level 1 in Fighting
  3840 | D:5      | Reached skill level 1 in Armour
  3870 | D:5      | Noticed Menkaure
  3885 | D:5      | Killed Menkaure
  4119 | D:5      | Reached XP level 8. HP: 44/44 MP: 2/21
  4482 | D:6      | Noticed a two-headed ogre
  4556 | D:6      | Found a glowing drain.
  4570 | Sewer    | Entered a sewer
  5120 | D:6      | Noticed mfyou's ghost (amateur MiFi)
  5129 | D:6      | Killed mfyou's ghost
  5129 | D:6      | Reached skill level 8 in Spellcasting
  5267 | D:6      | Killed a two-headed ogre
  5267 | D:6      | Reached skill level 9 in Spellcasting
  5267 | D:6      | Reached XP level 9. HP: 51/51 MP: 4/24
  5449 | D:6      | Found a staircase to the Ecumenical Temple.
  5466 | Temple   | Entered the Ecumenical Temple
  5670 | Temple   | Became a worshipper of Sif Muna the Loreminder
  6683 | D:7      | Found Zownar's Gadget Shoppe.
  6961 | D:7      | Reached skill level 10 in Spellcasting
  7350 | D:7      | Reached * piety under Sif Muna
  8070 | D:8      | Reached XP level 10. HP: 58/58 MP: 26/26
  8305 | D:9      | Noticed a gargoyle
  8319 | D:9      | Killed a gargoyle
  8327 | D:9      | Reached skill level 5 in Armour
  8491 | D:9      | Reached skill level 5 in Dodging
  8494 | D:9      | Reached skill level 10 in Conjurations
  8495 | D:9      | Reached skill level 5 in Fighting
  8508 | D:9      | Learned a level 5 spell: Fireball
  8567 | D:9      | Noticed a two-headed ogre
  8574 | D:9      | Killed a two-headed ogre
  8574 | D:9      | Reached ** piety under Sif Muna
  8668 | D:9      | Found Riorot's Gadget Boutique.
  8757 | D:9      | Found a staircase to the Lair.
  9158 | D:10     | Entered Level 10 of the Dungeon
  9314 | D:10     | Noticed Erolcha
  9327 | D:10     | Killed Erolcha
  9492 | D:10     | Reached XP level 11. HP: 49/63 MP: 27/27
  9724 | D:10     | Reached skill level 5 in Fire Magic
  9894 | D:10     | Reached skill level 5 in Invocations
 10010 | D:10     | Found a staircase to the Orcish Mines.
 10479 | D:10     | Reached *** piety under Sif Muna
 10877 | Lair:1   | Entered Level 1 of the Lair of Beasts
 10964 | Lair:1   | Reached skill level 11 in Spellcasting
 10967 | Lair:1   | Noticed Harold
 10973 | Lair:1   | Killed from afar by Harold

Skill      XL: |  1  2  3  4  5  6  7  8  9 10 11 |
---------------+----------------------------------+-----
Conjurations   | 5 6 7 8 9 10 | 10.1
Spellcasting   | 4 5 6 7 9 10 11 | 11.0
Hexes          | 3 4 |  4.0
Fighting       | 1 3 4 5 |  5.0
Armour         | 1 3 4 5 |  5.3
Dodging        | 4 5 |  5.5
Fire Magic     | 4 7 |  7.0
Invocations    | 4 6 |  6.0
Evocations     | 4 |  4.2
Stealth        | |  2.4

Action                   |  1- 3 |  4- 6 |  7- 9 | 10-12 || total
-------------------------+-------+-------+-------+-------++-------
Melee: Short sword       |       |     7 |     8 |     5 ||    20
 Cast: Magic Dart        |    65 |    75 |   214 |   131 ||   485
       Searing Ray       |     3 |     6 |     4 |    16 ||    29
       Fulminant Prism   |       |     6 |    13 |    26 ||    45
       Iskenderun's Myst |       |     6 |    50 |    61 ||   117
       Fireball          |       |       |       |     2 ||     2
Invok: Divine Energy     |       |       |       |     1 ||     1
Evoke: Lightning rod     |       |       |       |     3 ||     3
  Use: Potion            |       |     3 |     1 |     3 ||     7
       Scroll            |       |     1 |     7 |     7 ||    15
  Eat: Chunk             |       |     8 |    14 |     7 ||    29
       Meat ration       |       |       |     1 |     1 ||     2
Armor: Robe              |       |     9 |    15 |    13 ||    37
       Skin              |       |       |       |     2 ||     2
Dodge: Dodged            |     8 |    27 |    41 |    49 ||   125
